 Dungeon Crawl Stone Soup version 0.27.1-35-g4d5d836560 (webtiles) character file.

Game seed: 3116377534631407589

346132 Delamore the Unseen (level 22, -3/163 HPs)
             Began as an Octopode Brigand on Apr 18, 2022.
             Was an Initiate of Gozag.
             Killed themself with a badly aimed burst of rock shards (8 damage)
             ... on level 3 of the Vaults.
             The game lasted 01:34:09 (62662 turns).

Delamore the Unseen (Octopode Brigand)             Turns: 62662, Time: 01:34:09

Health: -3/163     AC:  7    Str: 16    XL:     22   Next: 11%
Magic:  45/45      EV: 31    Int: 16    God:    Gozag
Gold:   1211       SH: 16    Dex: 26    Spells: 36/41 levels left

rFire    + + +     SeeInvis +   y - +4 rapier "Meny" {spect, rC+++ rCorr Str-3}
rCold    + + +     Faith    .   I - +3 warlock's mirror {reflect}
rNeg     + . .     Spirit   .   M - +2 hat
rPois    +         Reflect  +   q - amulet of reflection
rElec    +         Harm     .   d - ring of Sunlight {rF+ AC+4 Dex+3}
rCorr    +         Rampage  .   x - ring of protection from cold
Will     ++...                  L - ring "Tathoe Naor" {rElec rF+ MP+9 Str+7 Int-4}
Stlth    ++++++++++             N - +6 ring of dexterity
HPRegen  0.37/turn              S - ring "Kuwkufu" {Int+5 SInv}
MPRegen  0.29/turn              W - ring "Poorch" {Contam Will+ EV+4 Slay+2 Stlth+}
                                Z - ring "Icoquu" {rPois rF+ rC+ rCorr Int-3}
                                g - ring of positive energy

@: mighty, resistant, gold aura, studying 2 skills
A: almost no armour, amphibious, 8 rings, camouflage 1, gelatinous body 1,
(nimble swimmer 1), tentacles
}: 2/15 runes: decaying, gossamer
a: Renounce Religion, Potion Petition, Call Merchant, Bribe Branch


You were on level 3 of the Vaults.
You worshipped Gozag.
Gozag was most pleased with you.
You visited 7 branches of the dungeon, and saw 35 of its levels.
You also visited: Gauntlet.

You collected 14841 gold pieces.
You spent 5709 gold pieces at shops.
You paid 7921 gold pieces to Gozag.

Inventory:

Hand Weapons
 t - the +9 dagger of Haunted Guile {freeze, rF+ rCorr}
   (You found it on level 5 of the Dungeon)

   It freezes those it strikes, dealing additional cold damage.
   It can also slow down cold-blooded creatures.
   rF:        It protects you from fire.
   rCorr:     It protects you from acid and corrosion.
 y - the +4 rapier "Meny" (weapon) {spect, rC+++ rCorr Str-3}
   (You found it on level 12 of the Dungeon)

   When its wielder attacks, the weapon's spirit leaps out and strikes again.
   The spirit shares a part of any damage it takes with its wielder.
   Str:       It affects your strength (-3).
   rC:        It renders you almost immune to cold.
   rCorr:     It protects you from acid and corrosion.
Missiles
 c - 5 curare-tipped darts
 z - 19 poisoned darts
 A - a silver boomerang
 C - 19 silver javelins
 H - 4 boomerangs (quivered)
 X - 3 javelins
Armour
 I - the +3 warlock's mirror (worn) {reflect}
   (You bought it in a shop on level 5 of the Dungeon)

   It can block and reflect piercing ranged attacks and magical attacks against
   the wielder's willpower.
 M - a +2 hat (worn)
Jewellery
 d - the ring of Sunlight (left tentacle) {rF+ AC+4 Dex+3}
   (You acquired it on level 2 of the Dungeon)

   [ring of protection]

   AC:        It affects your AC (+4).
   Dex:       It affects your dexterity (+3).
   rF:        It protects you from fire.
 g - a ring of positive energy (on tentacle)
 q - an amulet of reflection (around mantle)
 x - a ring of protection from cold (right tentacle)
 L - the ring "Tathoe Naor" (on tentacle) {rElec rF+ MP+9 Str+7 Int-4}
   (You found it on level 1 of the Swamp)

   [ring of magical power]

   Str:       It affects your strength (+7).
   Int:       It affects your intelligence (-4).
   rF:        It protects you from fire.
   rElec:     It insulates you from electricity.
   MP:        It affects your magic capacity (+9).
 N - a +6 ring of dexterity (on tentacle)
 S - the ring "Kuwkufu" (on tentacle) {Int+5 SInv}
   (You found it in a Gauntlet)

   [ring of see invisible]

   Int:       It affects your intelligence (+5).
   SInv:      It lets you see invisible.
 W - the ring "Poorch" (on tentacle) {Contam Will+ EV+4 Slay+2 Stlth+}
   (You bought it in a shop on level 13 of the Dungeon)

   [ring of evasion]

   EV:        It affects your evasion (+4).
   Slay:      It affects your accuracy & damage with ranged weapons and melee
   (+2).
   Contam:    It causes magical contamination when unequipped.
   Will:      It increases your willpower.
   Stlth:     It makes you more stealthy.
 Z - the ring "Icoquu" (on tentacle) {rPois rF+ rC+ rCorr Int-3}
   (You bought it in a shop on level 2 of the Swamp)

   [ring of poison resistance]

   Int:       It affects your intelligence (-3).
   rF:        It protects you from fire.
   rC:        It protects you from cold.
   rPois:     It protects you from poison.
   rCorr:     It protects you from acid and corrosion.
Wands
 h - a wand of paralysis (35)
 l - a wand of digging (10)
 G - a wand of mindburst (19)
 O - a wand of iceblast (88)
 R - a wand of acid (39)
Scrolls
 e - a scroll of brand weapon
 f - 7 scrolls of magic mapping
 m - 9 scrolls of teleportation
 n - a scroll of summoning
 p - 2 scrolls of silence
 r - 5 scrolls of holy word
 s - 10 scrolls of enchant armour
 u - 4 scrolls of blinking
 B - 7 scrolls of identify
 D - 4 scrolls of enchant weapon
 F - 3 scrolls of immolation
 Q - 6 scrolls of fear
 Y - 6 scrolls of fog
Potions
 b - a potion of resistance
 j - 3 potions of berserk rage
 k - 6 potions of heal wounds
 o - 10 potions of curing
 v - 3 potions of ambrosia
 w - 4 potions of invisibility
 E - 4 potions of cancellation
 J - 5 potions of haste
 K - 2 potions of mutation
 P - 5 potions of might
Miscellaneous
 a - a phantom mirror
 i - a tin of tremorstones (2/2)
 U - a condenser vane (inert)
 V - a lightning rod (4/4)


   Skills:
 + Level 17.2 Fighting
 - Level 14.0 Short Blades
 + Level 17.1 Throwing
 - Level 15.0 Dodging
 - Level 20.0 Stealth
 - Level 10.0 Shields
 - Level 10.0 Spellcasting
 - Level 10.0 Translocations
 - Level 15.0 Evocations


You had 36 spell levels left.
You knew the following spells:

 Your Spells              Type           Power      Damage    Failure   Level
a - Blink                 Tloc           N/A        N/A       1%          2
b - Lesser Beckoning      Tloc           20%        N/A       1%          3

Your spell library contained the following spells:

 Spells                   Type           Power      Damage    Failure   Level
 Apportation              Tloc           80%        N/A       1%          1
 Gell's Gravitas          Tloc           20%        N/A       1%          3
 Teleport Other           Tloc           40%        N/A       1%          3
 Portal Projectile        Hex/Tloc       48%        N/A       3%          3
 Manifold Assault         Tloc           40%        N/A       4%          5
 Animate Skeleton         Necr           16%        N/A       9%          1
 Beastly Appendage        Tmut           16%        N/A       9%          1
 Corona                   Hex            8%         N/A       9%          1
 Foxfire                  Conj/Fire      32%        2x1d5     9%          1
 Freeze                   Ice            32%        1d5       9%          1
 Sandblast                Erth           16%        2d6       9%          1
 Summon Small Mammal      Summ           32%        N/A       9%          1
 Iskenderun's Mystic Bla  Conj/Tloc      24%        2d7       12%         4
 Corpse Rot               Necr/Air       N/A        N/A       14%         2
 Passwall                 Tmut/Erth      6%         N/A       14%         2
 Poisonous Vapours        Pois/Air       16%        N/A       14%         2
 Slow                     Hex            8%         N/A       14%         2
 Static Discharge         Conj/Air       8%         N/A       14%         2
 Sublimation of Blood     Necr           4%         N/A       14%         2
 Wereblood                Tmut           8%         N/A       14%         2
 Dispersal                Tloc           20%        N/A       22%         6
 Confusing Touch          Hex            8%         N/A       26%         3
 Conjure Flame            Conj/Fire      8%         6-21      26%         3
 Frozen Ramparts          Ice            16%        1d3       26%         3
 Inner Flame              Hex/Fire       8%         N/A       26%         3
 Ozocubu's Armour         Ice            8%         N/A       26%         3
 Spider Form              Tmut/Pois      4%         N/A       26%         3
 Stone Arrow              Conj/Erth      16%        3d8       26%         3
 Vampiric Draining        Necr           4%         2d6       26%         3
 Dispel Undead            Necr           8%         3d8       65%         4
 Fulminant Prism          Conj/Hex       4%         3d6       65%         4
 Hailstorm                Conj/Ice       8%         3d4       65%         4
 Ice Form                 Ice/Tmut       8%         N/A       65%         4
 Olgreb's Toxic Radiance  Pois           8%         N/A       65%         4
 Sticky Flame             Conj/Fire      8%         2d3       65%         4
 Summon Lightning Spire   Summ/Air       8%         N/A       65%         4
 Blade Hands              Tmut           4%         N/A       94%         5
 Excruciating Wounds      Necr           4%         N/A       94%         5
 Freezing Cloud           Conj/Ice/Air   4%         6-21      94%         5
 Lee's Rapid Deconstruct  Erth           4%         3d6*      94%         5
 Conjure Ball Lightning   Conj/Air       4%         3x3d6     100%        6
 Iron Shot                Conj/Erth      4%         9d2       100%        6
 Simulacrum               Ice/Necr       4%         N/A       100%        6
 Statue Form              Tmut/Erth      5%         N/A       100%        6
 Ozocubu's Refrigeration  Ice            4%         4d5       100%        7
 Storm Form               Tmut/Air       4%         N/A       100%        7
 Summon Hydra             Summ           4%         N/A       100%        7
 Lehudib's Crystal Spear  Conj/Erth      4%         10d3      100%        8
 Maxwell's Capacitive Co  Air            4%         ∞         100%        8
 Animate Armour           Summ/Erth      Unusable   N/A       N/A         4

Dungeon Overview and Level Annotations

Branches:
Dungeon (15/15)            Temple (1/1) D:4            Lair (6/6) D:11
  Swamp (4/4) Lair:2       Spider (4/4) Lair:3        Slime (0/5) Lair:6
    Orc (2/2) D:9             Elf (0/3) Orc:2        Vaults (3/5) D:14
 Depths (0/5) D:15        Gauntlet (visited)
  Crypt: Vaults:2-3

Altars:
Ashenzari
Cheibriados
Dithmenos
Elyvilon
Fedhas
Gozag
Hepliaklqana
Kikubaaqudgha
Makhleb
Nemelex Xobeh
Okawaru
Qazlal
Ru
Sif Muna
Trog
Uskayaw
Vehumet
Wu Jian
Xom
Yredelemnul
Zin
The Shining One
Beogh
Jiyva

Shops:
D:2 (   D:5 *!?*[   D:8 :*   D:9 *   D:10 (   D:12 *   D:13 =   Orc:1 :
Orc:2 ??[::   Lair:3 =(   Swamp:2 =   Spider:3 (   Vaults:1 (   Vaults:2 *


Innate Abilities, Weirdness & Mutations

You cannot wear most types of armour.
You are amphibious.
You can wear up to eight rings at the same time.
Your skin changes colour to match your surroundings (Stealth+).
Your rubbery body absorbs attacks. (AC +1, EV +1)
((You are camouflaged near water. (Stealth+)))
You have tentacles for arms and can constrict up to eight enemies at once.


Message History

The centaur warrior looks even sicker.
The war gargoyle hits you with a +0 flail!
* * * LOW HITPOINT WARNING * * *
The yaktaur is engulfed in poison gas.
The yaktaur looks as sick as possible! [a] - 456 gold - resistance, might and heal wounds [b] - 288 gold - invisibility and might [c] - 468 gold - resistance and invisibility Purchase which effect?
You feel protected.
You feel very mighty all of a sudden.
You feel much better.
The ironbound thunderhulk is no longer distracted by gold.
The centaur warrior looks as sick as possible!
The ironbound convoker is engulfed in poison gas.
The ironbound convoker looks as sick as possible!
The yaktaur is engulfed in poison gas.
The yaktaur looks even sicker.
The yaktaur is engulfed in poison gas.
The yaktaur looks as sick as possible!
The war gargoyle launches metal splinters at you.
The spray of metal splinters hits you!!
* * * LOW HITPOINT WARNING * * *
You block the yaktaur's attack.
The yaktaur is engulfed in poison gas.
The yaktaur looks as sick as possible!
The tremorstone explodes into fragments!
The burst of rock shards engulfs the yaktaur! x2
The burst of rock shards engulfs the war gargoyle but does no damage.
The burst of rock shards engulfs the ironbound thunderhulk.
The burst of rock shards engulfs the centaur warrior!
The burst of rock shards engulfs the yaktaur!
You kill the yaktaur!
The burst of rock shards engulfs the yaktaur!
You kill the yaktaur!
The burst of rock shards engulfs the ironbound convoker!
The burst of rock shards engulfs you!
* * * LOW HITPOINT WARNING * * *
The burst of rock shards engulfs the centaur warrior!
The burst of rock shards engulfs the yaktaur.
The burst of rock shards engulfs the yaktaur!!
You kill the yaktaur!
The burst of rock shards engulfs you!
You die...
Your body crumbles into a pile of gold.

####### #++######'### #.....'
..#..# ..## #.#.'.## #.....'
+#..#+ #..#.#.#..#
#.....#####....#####+##.#.'###
#.....#..§§§§§§§...+....'....#
#.....#..c§§§§§§.(.####'####+#
#.....#####pOcc# #....'....#
#.....#...+#9$#+ ###'.#.'###
#.....'.$..#.@# +..#.#.#..#
#.....######### ##.#.#.+.##
#.....# #########+#####
#.....# #....$$....# #.....#
#....$$....# #.....#
#.....$....#
#.....#########.....<....#
#.....#......##..........#
#.....#......##..........#


You could see an ironbound thunderhulk, a centaur warrior (extremely poisoned),
a war gargoyle (catching breath), an ironbound convoker (extremely poisoned,
catching breath) and 2 yaktaurs.

Vanquished Creatures
  Mara (Vaults:2)
  Bai Suzhen (Vaults:2)
  Arachne (Spider:4)
  Jorgrun (Orc:2)
  Frances (Swamp:1)
  A sphinx (Vaults:2)
  4 tengu reavers
  A fire giant (Vaults:3)
  4 vault wardens
  9 ghost moths
  7 emperor scorpions
  2 orc warlords
  3 war gargoyles
  8 ironbound preservers
  A quicksilver ooze (Gauntlet)
  2 stone giants
  3 ghouls (Swamp:3)
  Nessos (D:13)
  4 dire elephants
  A minotaur (Gauntlet)
  7 entropy weavers
  Azrael (Orc:2)
  4 bunyips
  3 spark wasps
  6 eleionomae
  A great orb of eyes (Vaults:1)
  A fire dragon (D:15)
  3 yaktaur captains
  6 ironbound thunderhulks
  7 vault guards
  19 hydras
  2 ghost crabs
  10 boulder beetles
  A spriggan air mage (Swamp:4)
  A peacekeeper (Vaults:3)
  2 death knights
  3 centaur warriors
  4 ironbound frosthearts
  9 alligators
  A tengu warrior (D:12)
  8 two-headed ogres
  6 death yaks (Lair:4)
  6 orc high priests
  4 ironbound beastmasters
  A deep elf knight (D:15)
  Sonja (Orc:2)
  15 skeletal warriors
  5 goliath frogs
  A glowing orange brain (Vaults:2)
  27 deep trolls
  8 swamp dragons
  8 wizards
  3 phantasmal warriors
  A deep elf archer (D:12)
  14 bog bodies
  A spriggan druid (Swamp:4)
  10 orc knights
  4 ironbound convokers
  10 deep elf pyromancers
  6 deep elf zephyrmancers
  3 necromancers
  3 lindwurms (Vaults:1)
  6 orc sorcerers
  A fire giant zombie (Vaults:2)
  20 orb spiders
  29 wolf spiders
  7 manticores
  An orb spider (shapeshifter) (D:13)
  A tengu skeleton (Vaults:2)
  21 elephants
  12 ugly things
  22 slime creatures
  4 will-o-the-wisps
  A salamander (shapeshifter) (D:15)
  3 moths of wrath
  5 cyclopes
  Joseph (D:10)
  5 black mambas
  11 vault sentinels
  2 torpor snails (Spider:4)
  9 cane toads
  A gargoyle (D:10)
  33 yaktaurs
  A bunyip simulacrum (Swamp:1)
  A redback zombie (D:15)
  4 rime drakes
  11 komodo dragons
  3 freezing wraiths
  2 unseen horrors (D:11)
  An efreet (D:13)
  15 demonic crawlers
  A polar bear (shapeshifter) (D:14)
  11 polar bears
  2 tengu conjurers
  2 hydra zombies (Swamp:1)
  6 meliai
  4 trolls
  2 bloated husks (Swamp:4)
  A queen bee (Lair:4)
  25 hornets
  56 jumping spiders
  9 tyrant leeches
  21 blink frogs
  3 raiju (Lair:6)
  An alligator zombie (Swamp:1)
  A meliai zombie (D:15)
  A dream sheep (shapeshifter) (D:13)
  29 tarantellas
  96 redbacks
  2 shadows (D:12)
  20 spriggans
  6 flying skulls (Gauntlet)
  2 water elementals
  A yak (shapeshifter) (D:15)
  3 vampires
  7 wyverns
  4 wraiths
  5 humans (D:14)
  48 yaks
  2 steam dragons
  2 fire elementals (Orc:2)
  4 basilisks
  11 vampire mosquitoes
  7 wargs
  15 swamp worms
  A swamp worm (shapeshifter) (D:12)
  2 acid dragons (D:12)
  14 water moccasins
  15 hell hounds
  A hydra simulacrum (Swamp:1)
  9 swamp drakes
  3 ice beasts
  33 orc warriors
  13 black bears
  2 necrophages (D:6)
  4 ogres
  2 boggarts
  11 centaurs
  24 wolves
  A phantom (D:6)
  A kobold brigand (D:10)
  12 bullfrogs
  Blork the orc (D:5)
  A glowing shapeshifter simulacrum (Vaults:2)
  A gnoll sergeant (D:8)
  4 scorpions
  A water moccasin skeleton (D:4)
  25 killer bees
  8 wights
  A swamp dragon simulacrum (Swamp:1)
  10 howler monkeys
  11 electric eels
  7 centaur zombies
  4 jellies
  5 hounds
  A gnoll shaman (D:9)
  27 orc priests
  A centaur skeleton (D:4)
  12 orc wizards
  A killer bee zombie (D:5)
  A hound skeleton (D:4)
  2 howler monkey zombies (D:9)
  10 gnolls
  A howler monkey skeleton (D:6)
  4 adders
  2 shadow imps (Gauntlet)
  An ufetubus (D:4)
  An adder zombie (D:5)
  A worm (D:3)
  2 dart slugs (D:1)
  53 orcs
  8 ball pythons
  7 endoplasms
  4 giant cockroaches
  8 goblins
  12 hobgoblins
  A jackal (D:1)
  6 quokkas
  7 bats
  3 frilled lizards
  12 kobolds
  10 rats
  A fire vortex (Orc:1)
1361 creatures vanquished.

Vanquished Creatures (collateral kills)
  the Lernaean hydra (Swamp:4)
  A hydra (Swamp:4)
  An orc high priest (Orc:1)
  An orb spider (Spider:4)
  A fire elemental (Orc:2)
  2 hell hounds (Orc:2)
  2 orc warriors (Orc:1)
  An orc wizard (Orc:1)
  An orc (Orc:1)
11 creatures vanquished.

Vanquished Creatures (others)
  A deep elf high priest (D:13)
  A jumping spider (Spider:4)
  2 bloated husks
  A redback (Spider:1)
  A human (D:14)
  A warg (Orc:2)
  An orc warrior (Orc:2)
  An orc (Orc:2)
  2 foxfires (Swamp:2)
  27 fungi
  87 plants
125 creatures vanquished.

Grand Total: 1497 creatures vanquished

Notes
Turn   | Place    | Note
-------+----------+-------------------------------------------
     0 | D:1      | Delamore the Octopode Brigand began the quest for the Orb.
     0 | D:1      | Reached XP level 1. HP: 14/14 MP: 1/1
   131 | D:1      | Reached XP level 2. HP: 11/19 MP: 2/2
   619 | D:1      | Reached XP level 3. HP: 17/24 MP: 3/3
  1041 | D:2      | Reached skill level 6 in Stealth
  1109 | D:2      | Found Azar's Weapon Shoppe.
  1268 | D:2      | Found an iron altar of Okawaru.
  1367 | D:2      | Identified a scroll of acquirement
  1368 | D:2      | Acquired the ring of Sunlight {rF+ AC+4 Dex+3}
  1383 | D:2      | Reached XP level 4. HP: 29/29 MP: 4/4
  2205 | D:2      | Found a faded altar of an unknown god.
  2401 | D:2      | Reached XP level 5. HP: 34/34 MP: 5/5
  2450 | D:3      | HP: 1/34 [quokka (3)]
  3435 | D:4      | Noticed an orc warrior
  3451 | D:4      | Killed an orc warrior
  3452 | D:4      | Reached skill level 7 in Stealth
  3452 | D:4      | Reached skill level 1 in Shields
  3452 | D:4      | Reached XP level 6. HP: 28/39 MP: 6/6
  3453 | D:4      | Reached skill level 5 in Short Blades
  3777 | D:4      | Found a basalt altar of Yredelemnul.
  3780 | D:4      | Reached XP level 7. HP: 45/45 MP: 7/7
  3934 | D:4      | Found a staircase to the Ecumenical Temple.
  3956 | Temple   | Entered the Ecumenical Temple
  3970 | Temple   | Became a worshipper of Gozag Ym Sagoz the Greedy
  4090 | D:4      | Found an iron altar of Okawaru.
  4188 | D:4      | Found a snail-covered altar of Cheibriados.
  4396 | D:5      | Entered Level 5 of the Dungeon
  4422 | D:5      | Found a broken altar of Ashenzari.
  4449 | D:5      | Found a stormy altar of Qazlal.
  4727 | D:5      | Reached skill level 8 in Stealth
  4975 | D:5      | Identified the +9 dagger of Haunted Guile {freeze, rF+
                  | rCorr}
  5003 | D:5      | Found Zualohu's Magic Scroll Shoppe.
  5013 | D:5      | Bought a scroll of blinking for 112 gold pieces
  5187 | D:5      | Found Koguf's Distillery.
  5199 | D:5      | Bought 2 potions of curing for 66 gold pieces
  5199 | D:5      | Bought a potion of heal wounds for 55 gold pieces
  5215 | D:5      | Found Otif's Assorted Antiques.
  5236 | D:5      | Reached XP level 8. HP: 50/50 MP: 8/8
  5276 | D:5      | Noticed Blork the orc
  5279 | D:5      | Killed Blork the orc
  5335 | D:5      | Found a bloodstained altar of Trog.
  5396 | D:5      | Found Pehusel's Armour Boutique.
  5496 | D:5      | Found Qougoes's Assorted Antiques.
  5583 | D:6      | Found an ancient bone altar of Kikubaaqudgha.
  5748 | D:6      | Reached skill level 9 in Stealth
  6241 | D:6      | Reached skill level 10 in Stealth
  6241 | D:6      | Reached XP level 9. HP: 54/54 MP: 9/9
  7120 | D:7      | Reached skill level 10 in Short Blades
  7702 | D:7      | Found a hide-covered altar of Uskayaw.
  8127 | D:8      | Found Wemmiy's Book Shop.
  8130 | D:8      | Reached XP level 10. HP: 65/65 MP: 10/10
  8142 | D:8      | Reached skill level 5 in Fighting
  8210 | D:8      | Found Kamuss's Assorted Antiques.
  8237 | D:8      | Reached skill level 5 in Dodging
  8237 | D:8      | Reached skill level 1 in Evocations
  9200 | D:8      | Found a shimmering blue altar of Sif Muna.
  9420 | D:5      | Bought the +3 warlock's mirror {reflect} for 600 gold
                  | pieces
  9420 | D:5      | Found the +3 warlock's mirror {reflect}
  9570 | D:9      | Noticed a two-headed ogre
  9574 | D:9      | Killed a two-headed ogre
  9737 | D:9      | Found Zin's Purification Station.
  9765 | D:9      | Found a glowing silver altar of Zin.
  9899 | D:9      | Noticed a two-headed ogre
  9901 | D:9      | Killed a two-headed ogre
  9904 | D:9      | Reached skill level 5 in Throwing
  9916 | D:9      | Reached skill level 5 in Evocations
 10144 | D:9      | Found a staircase to the Orcish Mines.
 10186 | D:9      | Found a shimmering altar of Xom.
 10634 | Orc:1    | Entered Level 1 of the Orcish Mines
 10644 | Orc:1    | Noticed an orc sorcerer
 10651 | Orc:1    | Killed an orc sorcerer
 10652 | Orc:1    | Reached XP level 11. HP: 76/80 MP: 11/11
 10691 | Orc:1    | Reached skill level 10 in Fighting
 10753 | Orc:1    | Noticed an orc sorcerer
 10772 | Orc:1    | Killed an orc sorcerer
 11174 | Orc:1    | Found Kyedunutt's Self-Improvement Boutique.
 11177 | Orc:1    | Noticed an orc high priest
 11193 | Orc:1    | Killed an orc high priest
 11482 | Orc:1    | Noticed an orc high priest
 11501 | Orc:1    | Killed an orc high priest
 12276 | Orc:1    | Bought a manual of Dodging for 960 gold pieces
 12341 | D:10     | Entered Level 10 of the Dungeon
 12345 | D:10     | Reached skill level 11 in Stealth
 12416 | D:10     | Noticed a two-headed ogre
 12422 | D:10     | Killed a two-headed ogre
 12656 | D:10     | Noticed Joseph
 12662 | D:10     | Killed Joseph
 12686 | D:10     | Found Qis Usy's Weapon Shop.
 13611 | D:11     | Noticed a deep elf zephyrmancer
 13611 | D:11     | Noticed a cyclops
 13614 | D:11     | Noticed a deep elf zephyrmancer
 13616 | D:11     | Noticed a deep elf pyromancer
 13616 | D:11     | Noticed a deep elf pyromancer
 13662 | D:12     | Found a gate leading to a gauntlet.
 13687 | Gauntlet | Entered a Gauntlet
 13687 | Gauntlet | Found a transporter.
 13687 | Gauntlet | Found a transporter.
 13688 | Gauntlet | Noticed a soul eater
 13689 | Gauntlet | Found a transporter.
 13693 | Gauntlet | Found a transporter.
 13693 | Gauntlet | Found a transporter.
 13713 | Gauntlet | Found a transporter.
 13728 | Gauntlet | Found a transporter.
 13729 | Gauntlet | Found a transporter.
 13741 | Gauntlet | Found a transporter.
 13757 | Gauntlet | Found a transporter.
 13760 | Gauntlet | Noticed a quicksilver ooze
 13784 | Gauntlet | Found a transporter.
 13785 | Gauntlet | Found a transporter.
 13787 | Gauntlet | Found a runed translucent gate.
 13787 | Gauntlet | Found a runed translucent gate.
 13787 | Gauntlet | Found a runed translucent gate.
 14031 | Gauntlet | Reached skill level 12 in Stealth
 14055 | Gauntlet | Reached XP level 12. HP: 67/91 MP: 12/12
 14164 | Gauntlet | Killed a quicksilver ooze
 14182 | Gauntlet | Identified the ring "Kuwkufu" {Int+5 SInv}
 14198 | Gauntlet | Identified the +11 dire flail of Wariness {elec, rC+ Int+4}
 14198 | Gauntlet | Identified the +6 ice dragon scales "Vaxtutot" {rF- rC++
                  | Will+++}
 14198 | Gauntlet | Noticed a minotaur
 14225 | Gauntlet | Killed a minotaur
 14243 | Gauntlet | Got the Handbook of Poison and Flight
 14376 | D:11     | Reached skill level 13 in Stealth
 14385 | D:11     | Noticed a boulder beetle
 14394 | D:11     | Reached skill level 10 in Dodging
 14424 | D:11     | Killed a boulder beetle
 14766 | D:11     | Reached skill level 14 in Stealth
 14875 | D:11     | Noticed a two-headed ogre
 14878 | D:11     | Killed a two-headed ogre
 15020 | D:11     | Reached XP level 13. HP: 100/100 MP: 13/13
 15401 | D:11     | Found a staircase to the Lair.
 16103 | Orc:1    | Bought a manual of Stealth for 960 gold pieces
 16110 | Orc:2    | Entered Level 2 of the Orcish Mines
 16126 | Orc:2    | Noticed Azrael
 16161 | Orc:2    | Killed Azrael
 16296 | Orc:2    | Reached skill level 15 in Stealth
 16508 | Orc:2    | Found a staircase to the Elven Halls.
 16915 | Orc:2    | Reached skill level 16 in Stealth
 17309 | Orc:2    | Noticed Sonja
 17313 | Orc:2    | Noticed an orc warlord
 17317 | Orc:2    | Killed Sonja
 17319 | Orc:2    | Found Ceix's Magic Scroll Shop.
 17449 | Orc:2    | Noticed Jorgrun
 17869 | Orc:2    | Killed Jorgrun
 18228 | Orc:2    | Reached skill level 17 in Stealth
 18546 | Orc:2    | Reached XP level 14. HP: 75/108 MP: 14/14
 18677 | Orc:2    | Found Viunauvi's Antique Armour Shop.
 18680 | Orc:2    | Found Sioru's Book Shop.
 18682 | Orc:2    | Found Uru Suad's Book Boutique.
 18683 | Orc:2    | Found Utiss's Magic Scroll Shop.
 19013 | Orc:2    | Killed an orc warlord
 19937 | Lair:1   | Entered Level 1 of the Lair of Beasts
 19945 | Lair:1   | Reached skill level 18 in Stealth
 19972 | Lair:1   | Reached skill level 15 in Fighting
 20191 | Lair:1   | Reached skill level 10 in Throwing
 21388 | Lair:2   | Reached skill level 19 in Stealth
 21456 | Lair:2   | Found a staircase to the Swamp.
 22337 | Lair:3   | Found a snail-covered altar of Cheibriados.
 22404 | Lair:3   | Found a hole to the Spider Nest.
 23060 | Lair:3   | Reached skill level 20 in Stealth
 23284 | Lair:3   | Identified the +4 leather armour of the Gusle {Harm rPois}
 24332 | Lair:4   | Reached skill level 10 in Evocations
 24483 | Lair:4   | Reached skill level 1 in Spellcasting
 24822 | Spider:1 | Entered Level 1 of the Spider Nest
 24840 | Lair:4   | Reached XP level 15. HP: 116/116 MP: 16/16
 24845 | Lair:4   | Acquired 344 gold pieces
 26322 | Orc:2    | Bought a scroll of identify for 24 gold pieces
 26322 | Orc:2    | Bought a scroll of identify for 24 gold pieces
 26322 | Orc:2    | Bought a scroll of identify for 24 gold pieces
 26322 | Orc:2    | Bought a scroll of magic mapping for 42 gold pieces
 26322 | Orc:2    | Bought a scroll of teleportation for 36 gold pieces
 26411 | Orc:2    | Bought a scroll of identify for 26 gold pieces
 26411 | Orc:2    | Bought a scroll of identify for 26 gold pieces
 26411 | Orc:2    | Bought a scroll of silence for 97 gold pieces
 26411 | Orc:2    | Bought a scroll of magic mapping for 45 gold pieces
 26411 | Orc:2    | Bought a scroll of identify for 26 gold pieces
 26411 | Orc:2    | Bought a scroll of identify for 26 gold pieces
 26497 | Orc:1    | Bought a manual of Short Blades for 960 gold pieces
 26766 | Lair:5   | Reached skill level 5 in Shields
 28277 | Lair:6   | Entered Level 6 of the Lair of Beasts
 29902 | Lair:6   | Found a staircase to the Slime Pits.
 29906 | Lair:6   | Found a viscous altar of Jiyva.
 30026 | Lair:6   | Found a radiant altar of Vehumet.
 30574 | Lair:6   | Identified the +6 plate armour of the Great Game {+Inv
                  | rPois MP+9 Dex-2}
 30950 | D:12     | Identified the +4 rapier "Meny" {spect, rC+++ rCorr Str-3}
 30958 | D:12     | Found Jickoal's General Store.
 31016 | D:12     | Bought a potion of heal wounds for 70 gold pieces
 31413 | D:12     | Noticed a tengu reaver
 31419 | D:12     | Noticed a tengu reaver
 31422 | D:12     | Killed a tengu reaver
 31432 | D:12     | Killed a tengu reaver
 31433 | D:12     | Reached XP level 16. HP: 26/122 MP: 23/23
 31799 | D:12     | Reached skill level 5 in Spellcasting
 32176 | D:12     | Found a burning altar of Makhleb.
 33133 | D:13     | Noticed a tengu reaver
 33136 | D:13     | Killed a tengu reaver
 33827 | D:13     | Noticed Nessos
 33834 | D:13     | Killed Nessos
 34999 | D:13     | Bought the ring "Poorch" {Contam Will+ EV+4 Slay+2 Stlth+}
                  | for 975 gold pieces
 36235 | D:14     | Found a gate to the Vaults.
 36656 | D:15     | Entered Level 15 of the Dungeon
 37520 | D:15     | Found a white marble altar of Elyvilon.
 37968 | D:15     | Reached XP level 17. HP: 127/127 MP: 26/26
 38093 | D:15     | Identified the +4 ring mail of Impatience {Rampage rCorr}
 38216 | D:15     | Found a staircase to the Depths.
 39929 | Swamp:1  | Entered Level 1 of the Swamp
 40015 | Swamp:1  | Identified the +3 falchion of Severance {vorpal, rF+ Str+2}
 40048 | Swamp:1  | Noticed Frances
 40055 | Swamp:1  | Killed Frances
 40597 | Swamp:1  | Identified the +6 chain mail "Diwkirgh" {rElec}
 40639 | Swamp:1  | Learned a level 2 spell: Blink
 40849 | D:8      | Bought a scroll labelled OZATIL KORR for 32 gold pieces
 41072 | Swamp:1  | Identified the ring "Tathoe Naor" {rElec rF+ MP+9 Str+7
                  | Int-4}
 41658 | Swamp:2  | HP: 3/127 [bunyip (20)]
 42197 | Swamp:2  | Reached skill level 10 in Shields
 42888 | Swamp:2  | Reached XP level 18. HP: 134/134 MP: 30/30
 42893 | Swamp:2  | Learned a level 3 spell: Lesser Beckoning
 42933 | Swamp:4  | Entered Level 4 of the Swamp
 43097 | Swamp:4  | Reached skill level 1 in Translocations
 43478 | Swamp:3  | Reached XP level 19. HP: 115/139 MP: 32/32
 43636 | Swamp:3  | Found a shadowy altar of Dithmenos.
 44985 | Swamp:4  | Reached skill level 15 in Dodging
 45007 | Swamp:4  | Found a glowing golden altar of the Shining One.
 45147 | Swamp:4  | Noticed the 27-headed Lernaean hydra
 45153 | Swamp:4  | Killed the 27-headed Lernaean hydra
 45985 | Swamp:4  | Got a decaying rune of Zot
 46355 | Swamp:2  | Bought the ring "Icoquu" {rPois rF+ rC+ rCorr Int-3} for
                  | 523 gold pieces
 46790 | Spider:1 | Reached skill level 10 in Spellcasting
 47153 | Spider:1 | Reached skill level 5 in Translocations
 48011 | Spider:1 | Identified the +3 scimitar "Hefralap" {vorpal, rC+ Str+3}
 48027 | Spider:1 | Got the Volume of the Locust
 49294 | Spider:2 | Reached XP level 20. HP: 132/145 MP: 34/34
 50844 | Spider:3 | Reached skill level 15 in Throwing
 51488 | Spider:4 | Entered Level 4 of the Spider Nest
 53664 | Spider:4 | Noticed Arachne
 53670 | Spider:4 | Killed Arachne
 55241 | Spider:4 | Got a gossamer rune of Zot
 55703 | Vaults:1 | Entered Level 1 of the Vaults
 55710 | Vaults:1 | Found Xifakes's Antique Weapon Boutique.
 56543 | Vaults:1 | Reached XP level 21. HP: 112/153 MP: 35/35
 57916 | Vaults:2 | Noticed Bai Suzhen
 58036 | Vaults:2 | Killed Bai Suzhen
 58624 | Vaults:2 | Reached skill level 10 in Translocations
 58692 | Vaults:2 | Found Diucul's General Store.
 59233 | Vaults:2 | Noticed Mara
 59314 | Vaults:2 | Killed Mara
 60618 | Vaults:2 | Reached skill level 15 in Evocations
 62255 | Vaults:3 | Reached XP level 22. HP: 148/162 MP: 36/36
 62662 | Vaults:3 | HP: 5/163 [shot self (14)]
 62662 | Vaults:3 | Killed themself with a badly aimed burst of rock shards

Illustrated notes

Levels and vault maps discovered:
D:1:      matt_arrival_grand_opening, layout_loops_ring, minmay_unequal
D:2:      mumra_celtic_spiral_tile, layout_basic, serial_glass, glass_columns_c,
          glass_columns_b, shapermc_ecumenical_altar_mp_urbaneastern,
          serial_shops, nicolae_shop_crystal, basic_altar, dk_vineyard_1,
          minmay_statues_item
D:3:      layout_rooms, serial_aquarium, aquarium_bridge_long_joined
          [aquarium_subvault_window, aquarium_subvault_wall,
          aquarium_subvault_balcony, aquarium_subvault_bridge,
          aquarium_subvault_window, aquarium_subvault_window],
          aquarium_window_1, aquarium_window_2, aquarium_window_3,
          aquarium_window_2, aquarium_view_2d, aquarium_view_2a,
          aquarium_pool_S, kennysheep_doodads
D:4:      layout_gridville, mainiacjoe_overflow_alcove_1,
          overflow_temple_1_default, yredelemnul_altar_generic,
          minmay_temple_entry_glassed_door
D:5:      layout_loops_ring, lightli_temple_of_fire,
          mainiacjoe_overflow_two_lobes, serial_shops, shop, shop, shop, shop,
          nicolae_shop_trees, uniq_blork_the_orc
D:6:      layout_loops_ring, mainiacjoe_overflow_paths, minmay_circle_x
D:7:      layout_loops_ring, mainiacjoe_overflow_alcove_2
D:8:      layout_rooms, kennysheep_orc_sif_temple, serial_shops, shop_statue,
          nicolae_shop_competitors_out_of_business, minmay_manual_mandibuliform
D:9:      layout_basic, xom_butterflies, zin_purify, orc_0_dummy
D:10:     layout_basic, serial_shops, nicolae_square_shop, grunt_decor_clamped,
          uniq_joseph
D:11:     layout_roguey, erik_lair_dragon, elves_outpost_lemuel
D:12:     cross_vault, layout_loops_ring, gauntlet_entry_generic, serial_shops,
          nicolae_diamond_shop, drop_trap, makhleb_altar_promises_db
D:13:     minmay_octo_star, layout_layer_cave, uniq_nessos
D:14:     layout_rooms, ximxim_vaults_locker_room, minivault_23,
          kennysheep_pointless_box
D:15:     grunt_enter_depths_magical_seal, layout_basic,
          nicolae_elyvilon_temple_path, minmay_hollow_rounded_squares
Temple:   minmay_freezing_vapour_temple
Lair:1:   layout_cave_pods, grunt_megastairs_2, lemuel_fruit_tree
Lair:2:   layout_roguey, minmay_swamp_entry_wisps,
          chequers_serial_rivers_micro_c, serial_bayou_shore_b,
          infiniplex_staircase_pool, serial_bayou_shore_a, grunt_megastairs_3
Lair:3:   layout_hall_layers, nicolae_spider_entry_tight_spaces, basic_altar,
          small_statue_intersection, grunt_megastairs_1, serial_bayou_shore_b
Lair:4:   layout_roguey [special_room_bee], wad_woods_02
Lair:5:   layout_cave_pods, chequers_serial_rivers_micro_a
Lair:6:   hangedman_lair_caniforms_friends, layout_regular_city, slime_altar_1,
          basic_altar, infiniplex_staircase_pool_2
Swamp:1:  layout_basic_swamp, evilmike_swamp_ruin_rubble_1,
          nicolae_swamp_round_clearing, nicolae_swamp_necromancer_hut,
          uniq_frances
Swamp:2:  layout_basic_swamp, nicolae_swamp_stair_fork
Swamp:3:  layout_falls_marsh, basic_altar, swamp_pool1
Swamp:4:  grunt_swamp_rune_castle, layout_basic_swamp, swamp_pool4,
          nicolae_swamp_godswood, nicolae_swamp_super_fun_site
Spider:1: layout_spider_delve, nicolae_spider_baby_got_redback
Spider:2: nicolae_spider_hall_of_the_moth_king
Spider:3: layout_spider_delve, nicolae_spider_some_kinda_spiderbox
Spider:4: johnstein_spider_rune_arachne_lair
Orc:1:    nicolae_orc_accident_1, layout_caves, nicolae_orc_lava_tube,
          nicolae_shop_self_help
Orc:2:    st_orc_pillars, layout_diamond_mine, serial_shops, shop, basic_altar,
          uniq_azrael, uniq_jorgrun, uniq_sonja
Vaults:1: ontoclasm_vaults_gateway, ontoclasm_vaults_ring_square,
          nicolae_vaults_little_squares_2, nicolae_vaults_circle_grid_a,
          nicolae_vaults_rhombus_6, dpeg_vaults_monster_box, v_misc_11,
          vaults_room_door_ring, layout_vaults_omnigrid, serial_shops, shop
Vaults:2: nicolae_vaults_hallways_thing, ontoclasm_vaults_eye, v_misc_9,
          v_pattern_4, vaults_room_stairs_pillars,
          ontoclasm_vaults_decontamination, v_misc_19, v_misc_22,
          nicolae_vaults_yaktaur_gun_rack, vaults_room_boxed, vaults_dpeg_ring,
          vaults_dpeg_spiral, ontoclasm_vaults_loading_screen,
          layout_vaults_omnibox, serial_shops, nicolae_shop_trees, uniq_mara,
          uniq_bai_suzhen
Vaults:3: v_misc_13, v_misc_27, nicolae_vaults_little_squares_5, v_misc_5,
          nicolae_vaults_little_ls, hangedman_vaults_locks,
          minmay_crypt_entry_necro_gods, v_alt_pattern_6, grunt_vaults_funnel,
          hangedman_vaults_nodes, grunt_vaults_hallway_short,
          nicolae_vaults_asterisk, v_misc_24, ontoclasm_vaults_loading_screen,
          ontoclasm_vaults_ligature, layout_vaults_omnicross

Skill      XL: |  1  2  3  4  5  6  7  8  9 10 11 12 13 14 15 16 17 18 19 20 21 22 |
---------------+-------------------------------------------------------------------+-----
Short Blades   | 3 4 5 6 8 10 11 14 | 14.0
Stealth        | 6 7 8 10 12 14 17 20 | 20.0
Shields        | 1 2 3 4 6 8 10 | 10.0
Dodging        | 4 5 8 10 12 13 14 15 | 15.0
Fighting       | 4 9 12 13 14 15 17 | 17.2
Evocations     | 5 10 12 13 15 | 15.0
Throwing       | 5 7 9 10 11 12 13 14 15 16 17 | 17.1
Spellcasting   | 1 4 6 8 9 10 | 10.0
Translocations | 1 6 9 10 | 10.0

Action                   |  1- 3 |  4- 6 |  7- 9 | 10-12 | 13-15 | 16-18 | 19-21 | 22-24 || total
-------------------------+-------+-------+-------+-------+-------+-------+-------+-------++-------
Melee: Dagger            |    71 |    86 |   182 |   402 |  1443 |   340 |   218 |       ||  2742
       Constrict         |    12 |    20 |    22 |    53 |   160 |    91 |   239 |     7 ||   604
       Tentacles         |     9 |    17 |    42 |   131 |   633 |   332 |   599 |    26 ||  1789
       Rapier            |       |       |       |       |       |   505 |  1262 |    58 ||  1825
Throw: Dart              |       |    17 |    12 |    27 |    44 |     8 |     4 |       ||   112
       Javelin           |       |       |       |     3 |    15 |     9 |    23 |       ||    50
       Boomerang         |       |       |       |       |    75 |    39 |   158 |       ||   272
 Cast: Lesser Beckoning  |       |       |       |       |       |       |     1 |       ||     1
       Blink             |       |       |       |       |       |       |     1 |       ||     1
Invok: Call Merchant     |       |       |       |       |     2 |     2 |     1 |       ||     5
       Potion Petition   |       |       |       |       |       |     2 |     3 |     2 ||     7
Evoke: Wand              |       |       |       |    11 |    11 |     4 |    10 |       ||    36
       Lightning rod     |       |       |       |     1 |     4 |       |       |       ||     5
       Condenser vane    |       |       |       |     1 |     2 |     1 |     4 |     1 ||     9
       Phantom mirror    |       |       |       |       |     1 |       |     4 |       ||     5
  Use: Scroll            |     4 |     3 |     4 |     4 |    13 |     4 |       |       ||    32
       Potion            |       |     1 |       |     6 |     5 |     3 |     9 |       ||    24
 Stab: Sleeping          |    15 |    16 |    18 |    35 |    37 |    53 |    48 |     1 ||   223
       Distracted        |       |       |     2 |     3 |    18 |    33 |    79 |     4 ||   139
       Invisible         |       |       |     1 |     2 |     1 |     2 |       |       ||     6
       Paralysed         |       |       |       |       |     1 |       |     2 |       ||     3
       Confused          |       |       |       |       |     1 |       |       |       ||     1
Armor: Skin              |     5 |    22 |    10 |    20 |    87 |    22 |    73 |     2 ||   241
Dodge: Dodged            |    30 |    34 |    48 |   132 |   678 |   265 |   964 |    37 ||  2188
Block: Buckler           |       |     8 |    25 |    93 |   672 |   307 |   900 |    40 ||  2045
       Reflection        |       |       |       |     8 |    22 |    10 |    49 |    10 ||    99
